 Dungeon Crawl Stone Soup version 0.22-a0-467-g5c5de1cb09 (webtiles) character file.

681 PikkenKukken the Insei (level 7, 0/53 HPs)
             Began as a Gnoll Transmuter on June 9, 2018.
             Succumbed to a gnoll's poison
             ... on level 4 of the Dungeon.
             The game lasted 00:15:33 (4565 turns).

PikkenKukken the Insei (Gnoll Transmuter)           Turns: 4565, Time: 00:15:33

Health: 0/53       AC:  5    Str: 13    XL:     7   Next: 61%
Magic:  15/15      EV: 15    Int: 17    God:
Gold:   247        SH:  0    Dex: 15    Spells: 11/17 levels left

rFire    . . .     SeeInvis .     - Unarmed
rCold    . . .     Gourm    .   (no shield)
rNeg     + . .     Faith    .   b - +1 robe
rPois    .         Spirit   .   (no helmet)
rElec    .         Reflect  .   (no cloak)
rCorr    .         Harm     .   e - +1 pair of gloves
MR       .....                  (no boots)
Stlth    ++........             (no amulet)
HPRegen  0.17/turn              f - ring of flight
MPRegen  0.14/turn              a - ring of positive energy

@: lethally poisoned (0 -> -13)
A: distributed training, fangs 1, strong nose
a: Evoke Flight


You were on level 4 of the Dungeon.
You were not hungry.

You visited 1 branch of the dungeon, and saw 4 of its levels.

You collected 247 gold pieces.

Inventory:

Hand Weapons
 h - a +0 club
Missiles
 l - 41 arrows
Armour
 b - a +1 robe (worn)
 e - a +1 pair of gloves (worn)
Jewellery
 a - a ring of positive energy (right hand)
 f - a ring of flight (left hand)
Scrolls
 c - a scroll of enchant armour
 g - a scroll of identify
 i - 3 scrolls of remove curse
 j - a scroll of enchant weapon
Comestibles
 d - 9 rations


   Skills:
 + Level 3.6 Fighting
 + Level 2.5 Short Blades
 + Level 2.5 Long Blades
 + Level 2.5 Axes
 + Level 2.5 Maces & Flails
 + Level 2.5 Polearms
 + Level 2.5 Staves
 + Level 2.5 Slings
 + Level 2.5 Bows
 + Level 2.5 Crossbows
 + Level 2.5 Throwing
 + Level 2.5 Armour
 + Level 5.2 Dodging
 + Level 2.5 Stealth
 + Level 2.5 Shields
 + Level 7.0 Unarmed Combat
 + Level 5.6 Spellcasting
 + Level 2.0 Conjurations
 + Level 2.0 Hexes
 + Level 2.0 Charms
 + Level 2.0 Summonings
 + Level 2.0 Necromancy
 + Level 2.0 Translocations
 + Level 4.3 Transmutations
 + Level 2.0 Fire Magic
 + Level 2.0 Ice Magic
 + Level 2.0 Air Magic
 + Level 2.0 Earth Magic
 + Level 2.0 Poison Magic
 + Level 2.8 Invocations
 + Level 2.5 Evocations


You had 11 spell levels left.
You knew the following spells:

 Your Spells              Type           Power        Failure   Level  Hunger
a - Beastly Appendage     Tmut           ###...       2%          1    None
b - Sticks to Snakes      Tmut           ###.....     3%          2    #......
c - Spider Form           Tmut/Pois      ###.......   11%         3    ##.....

Your spell library contained the following spells:

 Spells                   Type           Power        Failure   Level  Hunger
 Blade Hands              Tmut           ###.......   52%         5    ######.
 Ice Form                 Ice/Tmut       ###.....     34%         4    ####...


Dungeon Overview and Level Annotations

Branches:
Dungeon (4/15)
 Temple: D:4-7

Altars:
Nemelex Xobeh


Innate Abilities, Weirdness & Mutations

Your experience applies equally to all skills.
You have very sharp teeth.
Your uncanny sense of smell can sniff out nearby items.


Message History

Put on which piece of jewellery? (? for menu, Esc to quit)
a - a ring of positive energy (right hand)
* * * LOW HITPOINT WARNING * * *
You feel sick.
* * * LOW HITPOINT WARNING * * *
You feel very sick.
* * * LOW HITPOINT WARNING * * *
You feel sick.
* * * LOW HITPOINT WARNING * * *
You feel sick.
* * * LOW HITPOINT WARNING * * *
You feel sick.
* * * LOW HITPOINT WARNING * * *
You feel sick.
Your talons disappear.
* * * LOW HITPOINT WARNING * * *
You feel sick.
* * * LOW HITPOINT WARNING * * *
You feel sick.
You die...

# ###....##.#####.###..........#
.###..........# #..##..........#
...#.#........## ##.##..........#
...#...........# #............##
...............## ######.......#
....#...........# #######.##
...##...........# #....
...##..)...)..S.#############....
................@............)...
..............#.#############....
...##............# #.... ###
#............# #####
#..........### #..........#
#..........# ##........##
##......##


You could see a friendly adder.

Vanquished Creatures
  The ghost of Oravi the Gusty, an amateur TeAE (D:4)
  An ogre (D:3)
  A centaur (D:4)
  A hound (D:2)
  A gnoll shaman (D:4)
  A centaur skeleton (D:3)
  3 orc wizards (D:4)
  2 worker ants (D:4)
  2 hound skeletons (D:4)
  A worker ant zombie (D:3)
  5 gnolls
  5 adders
  2 worms
  2 dart slugs (D:1)
  4 leopard geckos
  3 orcs (D:4)
  7 giant cockroaches
  5 goblins
  5 hobgoblins
  7 jackals (D:2)
  3 kobolds
  4 quokkas
  A ball python skeleton (D:3)
  8 bats
  4 frilled lizards
  A jackal skeleton (D:4)
  A leopard gecko zombie (D:3)
  A quokka skeleton (D:4)
  6 rats
88 creatures vanquished.

Vanquished Creatures (collateral kills)
  A gnoll (D:2)
  3 kobolds
  A rat (D:2)
5 creatures vanquished.

Grand Total: 93 creatures vanquished

Notes
Turn   | Place    | Note
-------+----------+-------------------------------------------
     0 | D:1      | PikkenKukken the Gnoll Transmuter began the quest for the Orb.
     0 | D:1      | Reached XP level 1. HP: 17/17 MP: 6/6
   100 | D:1      | Reached XP level 2. HP: 23/23 MP: 5/7
   403 | D:1      | Reached XP level 3. HP: 28/28 MP: 7/9
   407 | D:1      | Learned a level 2 spell: Sticks to Snakes
   411 | D:1      | Learned a level 3 spell: Spider Form
   845 | D:2      | Reached skill level 5 in Spellcasting
  1064 | D:2      | Reached skill level 1 in Invocations
  1074 | D:2      | Reached skill level 1 in Short Blades
  1074 | D:2      | Reached skill level 1 in Long Blades
  1074 | D:2      | Reached skill level 1 in Axes
  1074 | D:2      | Reached skill level 1 in Maces & Flails
  1074 | D:2      | Reached skill level 1 in Polearms
  1074 | D:2      | Reached skill level 1 in Staves
  1074 | D:2      | Reached skill level 1 in Slings
  1074 | D:2      | Reached skill level 1 in Bows
  1074 | D:2      | Reached skill level 1 in Crossbows
  1074 | D:2      | Reached skill level 1 in Throwing
  1074 | D:2      | Reached skill level 1 in Armour
  1074 | D:2      | Reached skill level 1 in Stealth
  1074 | D:2      | Reached skill level 1 in Shields
  1074 | D:2      | Reached skill level 1 in Evocations
  1207 | D:2      | Reached XP level 4. HP: 34/34 MP: 11/11
  1681 | D:2      | HP: 1/34 [hound (2)]
  1712 | D:2      | HP: 1/34 [hound (3)]
  1713 | D:2      | Reached skill level 1 in Conjurations
  1713 | D:2      | Reached skill level 1 in Hexes
  1713 | D:2      | Reached skill level 1 in Charms
  1713 | D:2      | Reached skill level 1 in Summonings
  1713 | D:2      | Reached skill level 1 in Necromancy
  1713 | D:2      | Reached skill level 1 in Translocations
  1713 | D:2      | Reached skill level 1 in Fire Magic
  1713 | D:2      | Reached skill level 1 in Ice Magic
  1713 | D:2      | Reached skill level 1 in Air Magic
  1713 | D:2      | Reached skill level 1 in Earth Magic
  1713 | D:2      | Reached skill level 1 in Poison Magic
  2168 | D:2      | Reached XP level 5. HP: 4/40 MP: 8/12
  3034 | D:3      | Found a sparkling altar of Nemelex Xobeh.
  3339 | D:4      | Reached XP level 6. HP: 47/47 MP: 9/13
  3449 | D:4      | Noticed Oravi's ghost (amateur TeAE)
  3663 | D:4      | Reached skill level 5 in Dodging
  3808 | D:3      | HP: 1/47 [ogre/giant spiked club (25)]
  4131 | D:4      | Killed Oravi's ghost
  4131 | D:4      | Reached skill level 7 in Unarmed Combat
  4131 | D:4      | Reached XP level 7. HP: 43/52 MP: 12/15
  4564 | D:4      | HP: 1/53 [poisoned by a gnoll]
  4565 | D:4      | Succumbed to a gnoll's poison

Vault maps used:
D:1:      scummos_arrival_gate, roderic_roman_lattice, minmay_tetromino_o2
D:2:      first_ration
D:3:      serial_undead, serial_undead_e, serial_undead_d, serial_undead_a,
          serial_undead_c, nemelex_xobeh_ov_fountains_minmay
D:4:      lemuel_upstairs_altar

Skill      XL: |  1  2  3  4  5  6  7 |
---------------+----------------------+-----
Spellcasting   | 5 |  5.6
Invocations    | 1 2 |  2.8
Short Blades   | 1 2 |  2.5
Long Blades    | 1 2 |  2.5
Axes           | 1 2 |  2.5
Maces & Flails | 1 2 |  2.5
Polearms       | 1 2 |  2.5
Staves         | 1 2 |  2.5
Slings         | 1 2 |  2.5
Bows           | 1 2 |  2.5
Crossbows      | 1 2 |  2.5
Throwing       | 1 2 |  2.5
Armour         | 1 2 |  2.5
Stealth        | 1 2 |  2.5
Shields        | 1 2 |  2.5
Evocations     | 1 2 |  2.5
Conjurations   | 1 2 |  2.0
Hexes          | 1 2 |  2.0
Charms         | 1 2 |  2.0
Summonings     | 1 2 |  2.0
Necromancy     | 1 2 |  2.0
Translocations | 1 2 |  2.0
Fire Magic     | 1 2 |  2.0
Ice Magic      | 1 2 |  2.0
Air Magic      | 1 2 |  2.0
Earth Magic    | 1 2 |  2.0
Poison Magic   | 1 2 |  2.0
Fighting       | 3 |  3.6
Transmutations | 4 |  4.3
Dodging        | 5 |  5.2
Unarmed Combat | 7 |  7.0

Action                   |  1- 3 |  4- 6 |  7- 9 || total
-------------------------+-------+-------+-------++-------
Melee: Unarmed           |    63 |   131 |    28 ||   222
       Bite              |     8 |     3 |       ||    11
       Kick              |     9 |    10 |     1 ||    20
       Headbutt          |     1 |     5 |     1 ||     7
       Punch             |     1 |     2 |       ||     3
 Cast: Beastly Appendage |    15 |    16 |     2 ||    33
       Sticks to Snakes  |     9 |    13 |     1 ||    23
       Spider Form       |       |    12 |     3 ||    15
  Use: Scroll            |     3 |     1 |       ||     4
       Potion            |       |     3 |     1 ||     4
 Stab: Distracted        |       |     1 |       ||     1
       Sleeping          |       |     2 |       ||     2
  Eat: Chunk             |     1 |     6 |     2 ||     9
       Ration            |       |     1 |       ||     1
Armor: Robe              |     9 |    23 |     1 ||    33
       Skin              |       |     4 |     1 ||     5
Dodge: Dodged            |    59 |   168 |    25 ||   252

Table legend:
 A = Spawn XP
 B = Non-spawn XP
 C = Spawn XP percentage of total XP
 D = Spawn monster count
 E = Non-spawn monster count
 F = Spawn count percentage of total count
 G = Total turns spent on level
                    A         B        C        D         E        F      G
               +---------+---------+-------+---------+---------+-------+---------
         Total |       0 |     974 |   0.0 |       0 |      93 |   0.0 |  4565
               +---------+---------+-------+---------+---------+-------+---------
           D:1 |       0 |      36 |   0.0 |       0 |      18 |   0.0 |   837
           D:2 |       0 |     122 |   0.0 |       0 |      30 |   0.0 |  1672
           D:3 |       0 |     218 |   0.0 |       0 |      20 |   0.0 |  1448
           D:4 |       0 |     598 |   0.0 |       0 |      25 |   0.0 |   608
               +---------+---------+-------+---------+---------+-------+---------
